AoeStats
← Michi3052

Arabia

504228668Analyzed
1v1 RM · 29d ago on Sep 4, 2026· 33m 8s· 2 players
Game mode
Random Map
Map size
Tiny (2 player)
Population
200
Speed
Normal
Resources
Standard
Victory
Conquest
Starting age
Dark Age
Ending age
Imperial Age
RankedLock teamsTeams togetherTeam positionsShared explorationLock speedFull tech treeHidden civsTurbo modeCheats
Victory
Defeat
🇪🇸 Ethiopians · Spain
694
+15
🇺🇸 Poles · United States
664
-15
AbbeFaria
8:50 Loom
11:05 Feudal Age
13:09 Man-at-Arms
16:07 Double-Bit Axe
22:38 Castle Age
22:34 Fletching
22:46 Padded Archer Armor
23:07 Crossbowman
28:37 Husbandry
28:47 Bloodlines
27:58 Light Cavalry
Michi3052
11:11 Feudal Age
11:14 Man-at-Arms
11:59 Double-Bit Axe
16:56 Fletching
17:06 Padded Archer Armor
23:22 Castle Age
24:04 Crossbowman
24:53 Thumb Ring
26:41 Loom
27:33 Wheelbarrow
27:40 Bodkin Arrow
28:01 Leather Archer Armor
Connection lost

Rejoining the realm…

Still unreachable

The connection could not be restored.

Session expired

The server has moved on; the page needs a fresh start.